 Dungeon Crawl Stone Soup version 0.19-a0-1049-g462a813 (webtiles) character file.

5447 Deeps the Severer (level 10, -8/77 HPs)
             Began as a Minotaur Fighter on July 31, 2016.
             Was a High Priest of Okawaru.
             Mangled by a seven-headed hydra (9 damage)
             ... on level 8 of the Dungeon.
             The game lasted 00:22:29 (8352 turns).

Deeps the Severer (Minotaur Fighter)                Turns: 8352, Time: 00:22:30

Health: -8/77      AC:  8    Str: 23    XL:     10   Next: 41%
Magic:  0/9        EV:  3    Int:  5    God:    Okawaru [*****.]
Gold:   426        SH:  9    Dex: 11    Spells: 0 memorised, 9 levels left

rFire  + . .     SeeInvis .     a - +1 war axe
rCold  + . .     Gourm    .     d - +2 ring mail {rF+}
rNeg   . . .     Faith    .     c - +0 shield
rPois  +         Spirit   +     (helmet restricted)
rElec  .         Dismiss  .     (no cloak)
rCorr  .         Reflect  .     (no gloves)
SustAt .         Harm     .     r - +0 pair of boots
MR     .....                    E - amulet of guardian spirit
Stlth  +.........               s - ring of poison resistance
                                D - ring of protection from cold

@: not resistant to hostile enchantments, very unstealthy
A: retaliatory headbutt, horns 2, blink
a: Blink, Heroism, Finesse, Renounce Religion


You were on level 8 of the Dungeon.
You worshipped Okawaru.
Okawaru was extremely pleased with you.
You were not hungry.

You visited 3 branches of the dungeon, and saw 11 of its levels.
You also visited: Sewer.

You collected 426 gold pieces.

Inventory:

Hand Weapons
 a - a +1 war axe (weapon)
Armour
 b - a +0 scale mail
 c - a +0 shield (worn)
 d - a +2 ring mail of fire resistance (worn)
 r - a +0 pair of boots (worn)
 C - a steam dragon hide
Jewellery
 o - an uncursed ring of positive energy
 p - an uncursed amulet of dismissal
 s - a ring of poison resistance (right hand)
 D - a ring of protection from cold (left hand)
 E - an amulet of guardian spirit (around neck)
Wands
 l - a wand of flame (48/48)
 y - a wand of flame (29/48)
 G - a wand of teleportation (5/9)
Scrolls
 e - 5 scrolls of fog
 g - 11 scrolls of identify
 i - a scroll of teleportation
 m - 4 scrolls of enchant weapon
 t - 2 scrolls of fear
 v - 3 scrolls of recharging
Potions
 h - 3 potions of flight
 j - a potion of lignification
 u - a potion of invisibility
 B - a potion of magic
 I - a potion of agility
Books
 w - a book of Cantrips

   Spells                             Type                      Level
   a - Confusing Touch                Hexes                        1
   b - Animate Skeleton               Necromancy                   1
   c - Summon Small Mammal            Summoning                    1
   d - Apportation                    Translocation                1
 z - an Akashic Record

   Spells                             Type                      Level
   a - Dispersal                      Translocation                6
   b - Malign Gateway                 Summoning/Translocation      7
   c - Disjunction                    Translocation                8
   d - Controlled Blink               Translocation                8
Comestibles
 f - 5 bread rations
 k - a beef jerky
 n - 11 meat rations
 q - a slice of pizza
 x - a royal jelly


   Skills:
 - Level 3.6 Fighting
 + Level 17.1 Axes
 - Level 3.6 Armour
 - Level 1.2 Stealth
 - Level 3.6 Shields


You had 9 spell levels left.
You didn't know any spells.

Dungeon Overview and Level Annotations

Branches:
Dungeon (9/15)             Temple (1/1) D:4            Lair (1/6) D:8
    Orc: D:9-12

Altars:
Ashenzari
Cheibriados
Elyvilon
Makhleb
Nemelex Xobeh
Okawaru
Pakellas
Qazlal
Vehumet

Shops:
D:5 (   D:6 (   D:7 [


Innate Abilities, Weirdness & Mutations

You reflexively headbutt those who attack you in melee.
You have a pair of horns on your head.
You can translocate small distances at will.


Message History

Wield which item (- for none, * to show all)? (? for menu, Esc to quit)
Okay, then.
You climb upwards.
The seven-headed hydra bites you but does no damage.
The seven-headed hydra barely misses you.
The seven-headed hydra bites you! The seven-headed hydra bites you.
The seven-headed hydra bites you!
The seven-headed hydra closely misses you.
The seven-headed hydra bites you.
You block the seven-headed hydra's attack.
The seven-headed hydra bites you!
You block the seven-headed hydra's attack.
The seven-headed hydra bites you! x4
* * * LOW HITPOINT WARNING * * *
There is a stone staircase leading down, spattered with blood here.
The seven-headed hydra bites you!
* * * LOW HITPOINT WARNING * * *
You block the seven-headed hydra's attack.
The seven-headed hydra bites you!
You die...

#.#.......#.##......#......
#.#.##....#.#.......#......
######.#......##.#.......#......
#....#.####......#.#####.#......
#....#(####.#.####.# #.#####..
##....#.##ยง#.#....#.# #.# #..
......#.##...#..#.#.# #.# #..
#####.#.####.####...# #.# #..
....#/#.#.##...D@.### #.# #..
........#.#######.# #.# ###
(.((.)..#.#######.# #.#######
.(#####.#.......#.# #.#......
..#...###.......#.#######.#.#####
..#..#.#........#...>...........#
..#....###......#########.......#
.......#...<...))......)........#
#.#.####........#####...........#


You could see a seven-headed hydra.

Vanquished Creatures
  Erica (D:8)
  The ghost of SJWn the Chopper, a novice TrWn of Trog (D:8)
  Pikel (D:7)
  Joseph (D:7)
  Prince Ribbit (D:8)
  A steam dragon (D:7)
  A basilisk (Lair:1)
  Duvessa (D:5)
  A porcupine (Lair:1)
  2 orc warriors
  A slave (D:7)
  Purgy (Sewer)
  2 phantoms (D:9)
  A sky beast (D:9)
  A black bear (D:8)
  2 ogres
  3 centaurs
  5 giant frogs
  Dowan (D:5)
  4 scorpions
  2 howler monkeys
  3 crimson imps
  A wasp zombie (D:8)
  5 hounds
  A jelly (D:9)
  2 orc priests
  7 orc wizards
  A centaur skeleton (D:5)
  4 iguanas
  3 worker ants
  A hound zombie (D:5)
  A hound skeleton (D:4)
  A howler monkey zombie (D:7)
  3 gnolls (D:6)
  13 adders
  3 river rats
  3 shadow imps
  2 adder zombies
  An adder skeleton (D:4)
  The ghost of Jmtri7 the Charlatan, a weakling FoAr (Sewer)
  4 dart slugs
  A giant gecko (D:7)
  36 orcs
  7 giant cockroaches
  6 goblins
  4 hobgoblins
  6 jackals (D:3)
  6 kobolds
  3 quokkas
  9 ball pythons
  7 bats
  12 giant newts
  A jackal skeleton (D:4)
  A quokka zombie (D:5)
  10 rats
203 creatures vanquished.

Vanquished Creatures (others)
  2 slaves (D:7)
  A jelly (D:7)
3 creatures vanquished.

Grand Total: 206 creatures vanquished

Notes
Turn   | Place    | Note
-------+----------+-------------------------------------------
     0 | D:1      | Deeps the Minotaur Fighter began the quest for the Orb.
     0 | D:1      | Reached XP level 1. HP: 19/19 MP: 0/0
   148 | D:1      | Reached skill level 3 in Axes
   221 | D:1      | Reached XP level 2. HP: 26/26 MP: 1/1
   794 | D:2      | Reached skill level 4 in Axes
   809 | D:2      | Reached XP level 3. HP: 31/31 MP: 2/2
  1322 | D:3      | Reached skill level 5 in Axes
  1353 | D:3      | Reached XP level 4. HP: 32/39 MP: 3/3
  1428 | D:3      | Found an oddly glowing altar of Pakellas.
  2018 | D:4      | Reached skill level 6 in Axes
  2120 | D:4      | Reached XP level 5. HP: 29/45 MP: 4/4
  2159 | D:4      | Reached skill level 7 in Axes
  2364 | D:4      | Found a staircase to the Ecumenical Temple.
  2398 | Temple   | Entered the Ecumenical Temple
  2436 | Temple   | Became a worshipper of Warmaster Okawaru
  2497 | D:4      | Reached skill level 1 in Stealth
  2497 | D:4      | Reached XP level 6. HP: 41/51 MP: 5/5
  2545 | D:4      | Found a shattered altar of Ashenzari.
  2967 | D:4      | Reached skill level 8 in Axes
  3098 | D:5      | Entered Level 5 of the Dungeon
  3098 | D:5      | Found Gumelas's Weapon Shoppe.
  3153 | D:5      | Reached * piety under Okawaru
  3172 | D:5      | Found a radiant altar of Vehumet.
  3207 | D:5      | Reached skill level 9 in Axes
  3207 | D:5      | Reached XP level 7. HP: 50/57 MP: 6/6
  3256 | D:5      | Found a glowing drain.
  3281 | Sewer    | Entered a sewer
  3288 | Sewer    | Noticed Jmtri7's ghost (weakling FoAr)
  3294 | Sewer    | Killed Jmtri7's ghost
  3308 | Sewer    | Noticed Purgy
  3331 | Sewer    | Killed Purgy
  3716 | D:5      | Reached skill level 10 in Axes
  3733 | D:5      | Noticed Dowan
  3734 | D:5      | Noticed Duvessa
  3744 | D:5      | Killed Duvessa
  3757 | D:5      | Killed Dowan
  3857 | D:5      | Reached skill level 11 in Axes
  3857 | D:5      | Reached XP level 8. HP: 46/64 MP: 7/7
  4011 | D:5      | Reached ** piety under Okawaru
  4038 | D:5      | Found a burning altar of Makhleb.
  4315 | D:6      | Gained mutation: You can translocate small distances at will. [potion of beneficial mutation]
  4661 | D:6      | Found Qatat's Weapon Shop.
  4764 | D:6      | Reached skill level 12 in Axes
  4989 | D:7      | Noticed Pikel
  5004 | D:7      | Killed Pikel
  5004 | D:7      | Reached skill level 13 in Axes
  5271 | D:7      | Reached *** piety under Okawaru
  5271 | D:7      | Reached XP level 9. HP: 45/70 MP: 8/8
  5321 | D:7      | Found a shattered altar of Ashenzari.
  5603 | D:7      | Found Fuon's Antique Armour Boutique.
  5604 | D:7      | Noticed Joseph
  5631 | D:7      | Killed Joseph
  5631 | D:7      | Reached skill level 14 in Axes
  6287 | D:8      | Noticed Prince Ribbit
  6315 | D:8      | Found a stormy altar of Qazlal.
  6618 | D:8      | Noticed SJWn's ghost (novice TrWn)
  6630 | D:8      | Reached skill level 15 in Axes
  6648 | D:8      | Killed SJWn's ghost
  6648 | D:8      | Reached **** piety under Okawaru
  6659 | D:8      | Killed Prince Ribbit
  6706 | D:8      | Reached skill level 16 in Axes
  6752 | D:8      | Noticed Erica
  7027 | D:8      | Killed Erica
  7027 | D:8      | Reached XP level 10. HP: 77/77 MP: 7/9
  7117 | D:8      | Found a staircase to the Lair.
  7409 | Lair:1   | Entered Level 1 of the Lair of Beasts
  7415 | Lair:1   | Reached ***** piety under Okawaru
  7489 | Lair:1   | Noticed a seven-headed hydra
  7518 | Lair:1   | Noticed a six-headed hydra
  7829 | D:9      | Reached skill level 17 in Axes
  8352 | D:8      | HP: 1/77 [seven-headed hydra (12)]
  8352 | D:8      | Mangled by a seven-headed hydra

Vault maps used:
D:1:      matt_arrival_refuge, hangedman_decor_push
D:3:      johnstein_pakellas_death_squad
D:4:      first_bread, cheibrodos_ashenzari_chains
D:5:      lightli_temple_of_fire, portal_sewer_entry_a, serial_shops, shop,
          basic_altar, minmay_strange_pillars, fountainhead, uniq_duvessa
D:6:      serial_shops, shop, minivault_11, minmay_curled_crystal
D:7:      old_standard_altar, serial_shops, shop_statue, uniq_pikel, uniq_joseph
D:8:      lemuel_doored_altar, lair_0_dummy, hangedman_abyss_or_decor_passed,
          uniq_erica, uniq_prince_ribbit1
Temple:   dpeg_five_rooms_temple
Lair:1:   st_stairs_5, beast_lair_carwin_1
Sewer:    sewer_co_purgy_island

Skill      XL: |  1  2  3  4  5  6  7  8  9 10 |
---------------+-------------------------------+-----
Axes           | 3 4 5 6 7 9 11 13 16 17 | 17.1
Stealth        | 1 |  1.2
Fighting       | |  3.6
Armour         | |  3.6
Shields        | |  3.6

Action                   |  1- 3 |  4- 6 |  7- 9 | 10-12 || total
-------------------------+-------+-------+-------+-------++-------
Melee: War axe           |    81 |   151 |   341 |   100 ||   673
       Headbutt          |    12 |    27 |    53 |    17 ||   109
 Abil: Blink             |       |       |       |     1 ||     1
  Use: Potion            |     5 |       |    12 |     1 ||    18
       Scroll            |     3 |       |    10 |     2 ||    15
  Eat: Chunk             |     1 |     3 |     4 |       ||     8
       Bread ration      |       |     1 |     2 |     1 ||     4
       Beef jerky        |       |       |     2 |       ||     2
Armor: Scale mail        |    38 |    58 |    71 |       ||   167
       Ring mail         |       |       |     8 |    30 ||    38
Dodge: Dodged            |    25 |    39 |    75 |    23 ||   162
Block: Shield            |    47 |    70 |   137 |    36 ||   290
